[Event "Kvika Banki League Iceland 2022-23"]
[Site "Reykjavik"]
[Date "2022.10.15"]
[Round "3.5"]
[White "Halldorsson, Jon Arni"]
[Black "Hansen, Soren Bech"]
[Result "1/2-1/2"]
[ECO "A88"]
[WhiteElo "2057"]
[BlackElo "2275"]
[Annotator "TA"]
[PlyCount "98"]
[EventDate "2022.10.13"]
[EventType "team-tourn"]
[EventCountry "ISL"]
[SourceTitle "playchess.com"]
[Source "ChessBase"]
[SourceQuality "1"]
[TimeControl "5400+30"]

1. d4 f5 2. g3 Nf6 3. Bg2 g6 4. Nf3 Bg7 5. O-O O-O 6. b3 d6 7. Bb2 c6 8. c4 Qe8 9. Nc3 Na6 10. Qd3 {[%emt 0:01:56] A88: Dutch Defence: Leningrad System: 5 Nf3 0-0 6 0-0 d6 7 Nc3 c6.} (10. Re1 $14) 10... e5 $1 $11 {[%emt 0:08:48] [#]} 11. dxe5 $146 ({Predecessor:} 11. Ng5 h6 12. dxe5 dxe5 13. Nh3 g5 14. f3 Rf7 15. Rad1 Be6 16. Nf2 Rd7 17. Qe3 Rxd1 18. Rxd1 {0-1 (51) Wickenfeld,S (2076)-Quast,M (2113) Nordrheinwestfalen 2012}) 11... dxe5 12. Qd6 e4 13. Nd4 (13. Ng5 $11 {remains equal.}) 13... Ng4 (13... Nh5 $1 $17 {aiming for ...Be5.} 14. Rad1 Rf6) 14. Nc2 $15 Be6 15. Rad1 Be5 16. Qd2 Qe7 17. Ba3 Qf6 18. Na4 (18. Bxf8 $11 Rxf8 19. Nd4) 18... Rfd8 19. Qc1 b5 20. cxb5 cxb5 21. Nc5 Nxc5 22. Bxc5 Rdc8 23. Ne3 Nxe3 24. Qxe3 a5 25. f4 (25. f3 {is interesting.} f4 26. Qxe4 Bf5 27. Qb7) 25... Bc3 26. Bd4 Bxd4 27. Rxd4 Rc2 (27... a4 $15) 28. Rd2 (28. Rd6 {seems wilder.} Rxa2 29. Qb6 Re8 30. Qxb5 Kf8 31. Rc1) 28... Qc3 (28... Rc6 {with more complications.} 29. Rfd1 a4 30. Rd6 Rxd6 31. Rxd6 Qa1+) 29. Qxc3 Rxc3 30. Rfd1 (30. Rd6 $15 Bf7 31. g4) 30... Kf7 31. Rb2 (31. Rd6 $17) 31... b4 (31... Rac8 $19 32. Kf2 R8c7) 32. Rd4 (32. Re1 $17) 32... h5 $19 33. Kf2 (33. Rbd2 $142) 33... Ke7 $2 (33... e3+ $1 $19 34. Ke1 Rac8) 34. e3 $1 $15 Rac8 35. Bf1 Rc2+ (35... h4 $5) 36. Rd2 Rxb2 37. Rxb2 {[%emt 0:00:03][%mdl 4096] Endgame KRB-KRB} Rc1 38. Rd2 (38. Be2 $11) 38... Rc5 (38... a4 $15 39. bxa4 Bxa2 $1 ) 39. Be2 $11 Rc3 40. Bd1 a4 41. Rb2 (41. bxa4 $11 {and White stays safe.} Ra3 42. Be2) 41... a3 $2 (41... Rc1 $1 $19 42. Ke2 axb3 43. axb3 Rc3) 42. Rc2 $15 Rd3 43. Be2 {[%emt 0:00:22] [#]} ({Only move:} 43. Ke2 $1 $15) 43... Rd7 ({Black should try} 43... Bxb3 $1 $17 44. axb3 (44. Bxd3 $2 exd3 45. Rd2 Bd5 $19) 44... Rxb3) 44. h4 {[%emt 0:00:40] The position is equal.} Bd5 45. Ke1 Kd6 46. Rd2 Kc5 47. Rc2+ Kb6 48. Rd2 $1 Kc5 49. Rc2+ Kb6 {[%emt 0:00:39] Weighted Error Value: White=0.32/Black=0.34} 1/2-1/2

[Event "Kvika Banki League Iceland 2022-23"]
[Site "Reykjavik"]
[Date "2022.10.15"]
[Round "3.6"]
[White "Einarsson, Arnthor"]
[Black "Finnsson, Johann Arnar"]
[Result "1-0"]
[ECO "D52"]
[WhiteElo "2173"]
[BlackElo "1891"]
[Annotator "TA"]
[PlyCount "93"]
[EventDate "2022.10.13"]
[EventType "team-tourn"]
[EventCountry "ISL"]
[SourceTitle "playchess.com"]
[Source "ChessBase"]
[SourceQuality "1"]
[TimeControl "5400+30"]

1. d4 d5 2. c4 e6 3. Nc3 Nf6 4. Bg5 Nbd7 5. Nf3 c6 6. e3 Bd6 7. Qc2 O-O {[%emt 0:00:29] D52: Queen's Gambit Declined: Cambridge Springs Variation.} 8. Bd3 {[%emt 0:00:05][%cal Od3h7] aiming for Bxh7+!} h6 9. Bh4 dxc4 {[%emt 0:00:13] The position is equal.} 10. Bxc4 b5 11. Bd3 Bb7 12. e4 {[%emt 0:00:30] Black must now prevent e5.} e5 13. dxe5 Nxe5 14. Nxe5 Bxe5 15. O-O {[%emt 0:00:56] [#]} Qb8 $146 (15... Qd6 $15 {might be stronger.} 16. Bg3 Bxg3 17. hxg3 Rfe8) ({Predecessor:} 15... a6 16. Kh1 Qc7 17. Bxf6 Bxf6 18. Nd5 Qe5 19. Nxf6+ Qxf6 20. a4 Rac8 21. Rac1 Rfd8 {½-½ (32) Koval,D (2118)-Tomanek,R (1918) Tatranske Zruby 2010}) 16. h3 Nh5 17. Be7 Re8 18. Bc5 Nf4 {[%emt 0:00:42] And now ...Qd8 would win.} 19. Ne2 ({Better is} 19. Be3 $11) 19... a6 (19... Nxd3 $15 20. Qxd3 Bxb2) 20. Nxf4 $11 Bxf4 21. Rae1 Qe5 22. b4 Rad8 23. Qb3 ({White should play} 23. Bb6 $11) 23... Re6 (23... Bc8 $15) 24. Bb1 Rg6 $2 {[%emt 0:11:22] Loses the game.} (24... Qh5 $11 {and Black has nothing to worry.}) 25. Rd1 $18 Rxd1 (25... Rb8 $142 26. a3 (26. Rd7 Bc8 $18) 26... Qg5) 26. Rxd1 {[%emt 0:00:17] Threatens to win with Rd8+. Dancing on a razor blade.} Qg5 {[%emt 0:00:09][%csl Gg6][%cal Rg5g2] [#] Inhibits Rd8+.} 27. Qf3 {[%emt 0:00:44][%cal Oe4e5] Hoping for e5!} Bc8 (27... Be5 {is a better defense.} 28. Qg4 Qxg4 29. hxg4 Kh7) 28. e5 $1 Re6 {[%emt 0:01:18] [#]} (28... Bxe5 29. Bxg6 Qxg6) 29. Qxf4 $3 {[%emt 0:00:11][%mdl 512] White is clearly winning.} Re8 30. Qxg5 hxg5 31. Be7 g4 {[%emt 0:01:01] [#]} 32. hxg4 $1 Bxg4 (32... Be6 33. Bc5) 33. f3 Be6 34. Rd8 Rxd8 35. Bxd8 Kf8 36. a3 Ke8 37. Bg5 Kd7 38. Kf2 Bc4 39. Bf5+ Kc7 40. Ke3 g6 41. Bh3 Bd5 42. Kd4 Bc4 43. Kc5 Bd5 44. Bf4 Kb7 45. Kd6 Bc4 46. Bd7 Bd5 47. Be3 {[%emt 0:00:09] Weighted Error Value: White=0.18 (very precise) /Black=0.43} 1-0

[Event "Kvika Banki League Iceland 2022-23"]
[Site "Reykjavik"]
[Date "2022.10.15"]
[Round "3.7"]
[White "Fridgeirsson, Dagur Andri"]
[Black "Bergthorsson, Jon Thor"]
[Result "1-0"]
[ECO "D13"]
[WhiteElo "1943"]
[BlackElo "2145"]
[Annotator "TA"]
[PlyCount "51"]
[EventDate "2022.10.13"]
[EventType "team-tourn"]
[EventCountry "ISL"]
[SourceTitle "playchess.com"]
[Source "ChessBase"]
[SourceQuality "1"]
[TimeControl "5400+30"]

1. d4 d5 2. c4 c6 3. cxd5 cxd5 4. Nf3 Nf6 5. Nc3 e6 6. Bf4 Nc6 7. e3 a6 8. Bd3 h6 9. O-O Bd6 10. Bg3 Bxg3 11. hxg3 Qd6 12. Rc1 O-O 13. e4 {[%emt 0:06:37] D13: Slav Defence: Exchange variation without ...Bf5.} dxe4 14. Nxe4 Nxe4 15. Bxe4 {[%emt 0:00:07] The position is equal.} Ne7 {[%emt 0:08:37] [#]} 16. Ne5 $146 ({Predecessor:} 16. Qe2 Rb8 17. Rc2 Bd7 18. Rfc1 Bb5 19. Bd3 Bxd3 20. Qxd3 Rfd8 21. Qe4 Nc6 22. Rc4 {0-1 (54) Noiroux,K (2064)-Peric,S (2268) Bethune 2003}) 16... Nf5 (16... Rb8 $11 {is more appropriate.}) 17. Bxf5 exf5 18. Nc4 Qf6 19. Re1 (19. Qd2 $14) 19... Bd7 (19... Be6 $1 $11) 20. Ne5 ({White should try} 20. Qd2 $14) 20... Be6 $11 21. Rc7 Bd5 22. Qc1 $36 {[%emt 0:04:44][%mdl 2048] [#] Threatens to win with Nd7. White has the initiative.} Rfd8 23. b3 Qd6 24. Qc3 Re8 (24... Rab8 $11) 25. Rd7 $16 {[%emt 0:01:35] White is more active.} Qxd7 {[%emt 0:01:11][%mdl 8192] [#]} (25... Qe6 $16) 26. Nxd7 {[%emt 0:00:12] Weighted Error Value: White=0.17 (very precise) /Black=0.33} 1-0

[Event "Kvika Banki League Iceland 2022-23"]
[Site "Reykjavik"]
[Date "2022.10.15"]
[Round "3.8"]
[White "Halldorsson, Bragi"]
[Black "Hauksson, Hordur Aron"]
[Result "1/2-1/2"]
[ECO "D66"]
[WhiteElo "2066"]
[BlackElo "1882"]
[Annotator "TA"]
[PlyCount "145"]
[EventDate "2022.10.13"]
[EventType "team-tourn"]
[EventCountry "ISL"]
[SourceTitle "playchess.com"]
[Source "ChessBase"]
[SourceQuality "1"]
[TimeControl "5400+30"]

1. d4 Nf6 2. c4 e6 3. Nc3 d5 4. Bg5 Be7 5. e3 c6 6. Nf3 O-O 7. Rc1 Nbd7 8. Bd3 dxc4 9. Bxc4 b5 10. Bd3 a6 11. O-O Bb7 12. Ne4 {[%emt 0:01:48] 12.a4 is becoming the main line.} Nxe4 {[%emt 0:17:07] D66: Queen's Gambit Declined: Classical: Main Line (7 Rc1 c6 8 Bd3).} 13. Bxe7 Qxe7 14. Bxe4 Rac8 {[%emt 0:00:10] White is slightly better.} 15. Nd2 {[%emt 0:06:12] White is more active.} f5 16. Bf3 e5 17. Nb3 e4 18. Be2 c5 19. dxc5 Nxc5 {[%emt 0:00:30] [#]} 20. Nd4 $146 (20. Nxc5 $16 Rxc5 21. Qb3+ Kh8 22. a4) ({Predecessor:} 20. Nxc5 Rxc5 21. Qb3+ Kh8 22. Qa3 Rfc8 23. Rfd1 h6 24. Rxc5 Rxc5 25. g3 Kh7 26. Kg2 {1-0 (80) Loiseau,Q (2474)-Kastelic,M (2287) Terme Catez 2022}) 20... Kh8 21. Qd2 Qe5 22. g3 Ne6 23. Nxe6 Qxe6 24. b3 Rfd8 25. Rxc8 Qxc8 26. Qb2 Qe6 27. Rc1 Qe7 28. Qc3 h6 29. Qc7 Rd7 30. Qb8+ Kh7 31. Qf4 (31. h4 {looks sharper.} Qd6 32. Qe8 Bc6 33. Bh5) 31... Qf7 (31... Qf6 $11 {keeps the balance.}) 32. Rc5 (32. a4 $1 $16) 32... Rd5 $1 $14 33. Rc2 Rd7 34. Bf1 Qd5 35. h4 g6 36. Qb8 Qf7 37. a4 ({White should play} 37. h5 $16) 37... Qxb3 $11 38. Rc7 Qf7 39. Rxd7 Qxd7 40. axb5 axb5 {[%emt 0:00:10][%mdl 4096] Endgame KQB-KQB} 41. h5 g5 42. Qe5 Bd5 $1 43. Qd4 (43. Bxb5 $5 Qe6 44. Qc7+ Qf7 45. Qd8 $14) 43... Be6 {[%emt 0:01:27] Strongly threatening ...Qxd4.} 44. Qb6 Bf7 45. g4 $2 (45. Bxb5 $11 {and White stays safe.} Qd1+ 46. Kg2) 45... f4 $19 (45... fxg4 46. Bxb5 Qe7 47. Qd4 $17) 46. exf4 (46. Bh3 $17 {was worth a try.}) 46... Qxg4+ 47. Bg2 Qd1+ ({Stronger than} 47... Qxf4 48. Qxb5 Bxh5 49. Qb7+ Bf7 50. Bxe4+ Kg8 51. Bf3 $17) ({Not} 47... Bxh5 48. Qc7+ Kg6 49. Qd6+ Kf5 50. Qe5+ Kg6 51. Qd6+ Kh7 52. Qc7+ Kh8 53. Qe5+ Kh7 54. Qc7+ $11) ({Worse is} 47... Qxh5 48. Bxe4+ Kh8 49. Qf6+ Kg8 50. Qd8+ Kg7 51. Qd4+ Kg8 52. Qd8+ Kg7 53. Qd4+ Kg8 54. Qd8+ $11) 48. Bf1 Qxh5 49. fxg5 Qxg5+ 50. Kh2 (50. Bg2 $142) 50... Qh4+ 51. Kg1 Qg5+ 52. Kh2 $1 Qh5+ 53. Kg1 Qg6+ (53... Qg4+ $142 54. Kh2 Qh5+ 55. Kg1 Qg6+ 56. Qxg6+ Kxg6 57. Bxb5 Kg5) 54. Qxg6+ $17 Kxg6 55. Bxb5 {[%emt 0:00:15] KB-KB} Kg5 56. Kg2 {[%emt 0:02:03] [#]} Kf4 (56... Bd5 $1 $17 57. Kg3 h5) 57. Be2 (57. Kh3 $1 $11) 57... Be6 58. Bh5 Bg4 59. Be8 Bf3+ (59... h5 $17 60. Bc6 Be6) 60. Kh2 (60. Kh3 $11) 60... h5 61. Bc6 Bg4 62. Kg2 Bf5 63. Be8 h4 64. Ba4 Ke5 65. Bd1 Kd4 66. Be2 Kc3 67. Bb5 Kd2 68. Bc6 {[%emt 0:00:15][%cal Oc6e4] [#]} Kd3 $1 69. Bb7 Bg4 (69... Bd7 $17 70. Ba6+ Kd4) 70. Bxe4+ $11 {[%emt 0:00:36][%mdl 64] Remove Defender. The position is equal.} Kxe4 71. f3+ $1 Bxf3+ 72. Kh3 Bg2+ 73. Kxh4 {[%emt 0:00:12] White happily takes the draw.  Weighted Error Value: White=0.25 (precise) /Black=0.25 (precise)} 1/2-1/2

[Event "Kvika Banki League Iceland 2022-23"]
[Site "Reykjavik"]
[Date "2022.10.15"]
[Round "3.9"]
[White "Oleksiyenko, Mykhaylo"]
[Black "Cheparinov, Ivan"]
[Result "1/2-1/2"]
[ECO "B56"]
[WhiteElo "2592"]
[BlackElo "2689"]
[Annotator "TA"]
[PlyCount "147"]
[EventDate "2022.10.13"]
[EventType "team-tourn"]
[EventCountry "ISL"]
[SourceTitle "playchess.com"]
[Source "ChessBase"]
[SourceQuality "1"]
[TimeControl "5400+30"]

1. e4 c5 2. Nf3 Nc6 3. d4 cxd4 4. Nxd4 Nf6 5. Nc3 d6 6. f3 e5 7. Nb3 Be7 8. Be3 Be6 $1 {[%emt 0:00:14][%mdl 4] is now more promising than 8...0-0.} 9. Qe2 {[%emt 0:02:44] B56: Classical Sicilian: Unusual Lines.} O-O 10. O-O-O Qc8 {[%emt 0:00:21] 10...Na5 is not played anymore.} 11. a3 {[%emt 0:00:20] White has an edge.} Rb8 12. Kb1 b5 {[%emt 0:00:37] [#] Hoping for ...b4.} 13. Nd5 Bd8 14. Nxf6+ Bxf6 15. Rxd6 Qc7 {[%emt 0:00:44] [#]} 16. Qd2 $146 ({Predecessor:} 16. Rd1 a5 17. Nc5 Nd4 18. Bxd4 exd4 19. Nxe6 fxe6 20. g3 a4 21. e5 Bxe5 22. f4 {½-½ (48) Dastan,B (2565)-Nihal,S (2610) Konya 2019}) 16... Nd4 $1 17. Bxd4 Qxd6 18. Bxa7 Qxd2 19. Nxd2 Rb7 (19... Ra8 $5 20. Be3 Rfb8 $11) 20. Be3 Be7 21. b4 Rd8 22. Bd3 ({White should play} 22. Kb2 $14) 22... Rbd7 $1 $11 23. Kb2 Rxd3 24. cxd3 Rxd3 25. Re1 h6 26. Nb1 Bh4 27. g3 Bg5 28. Bxg5 hxg5 {[%emt 0:00:08][%mdl 4096] Endgame KRB-KRN} 29. Rf1 Bc4 30. Rf2 Rb3+ 31. Kc2 Kf8 32. Nd2 Rxa3 33. Nxc4 bxc4 {[%emt 0:00:03] KR-KR} 34. Rd2 Rb3 35. Rd8+ Ke7 36. Rb8 Kd6 37. Rb6+ (37. Rg8 $11) 37... Kc7 $17 38. Rb5 f6 39. Rc5+ $1 Kb6 40. Rxc4 Rxf3 41. Rc8 $1 Kb5 42. Kd2 Kxb4 43. Rc7 $1 {[%emt 0:00:12] The position is equal.} g6 44. Ke2 g4 45. Rg7 g5 46. h4 $1 gxh4 47. Rxg4 Rxg3 48. Rxh4 Rc3 49. Rh6 Rc6 50. Ke3 Ra6 51. Rh8 Ra3+ 52. Ke2 Kc5 53. Rd8 Ra6 54. Ke3 Rd6 55. Rc8+ Rc6 56. Rd8 Kb6 57. Rd7 Re6 58. Rd1 Kc6 59. Rf1 Kd7 60. Ke2 Ra6 61. Ke3 Ra3+ 62. Ke2 Ke6 63. Kd2 Rh3 64. Ke2 Rg3 65. Kd2 Kf7 66. Ke2 Kg6 67. Rf2 Rg1 68. Ke3 Re1+ 69. Kf3 Ra1 70. Rg2+ Kf7 {[%emt 0:00:09] [#] Threatens to win with ...Ra3+.} 71. Rb2 Ra3+ 72. Ke2 Kg6 73. Rb1 Ra2+ 74. Ke3 {[%emt 0:00:05] Weighted Error Value: White=0.06 (flawless) /Black=0.03 (flawless)} 1/2-1/2

[Event "Kvika Banki League Iceland 2022-23"]
[Site "Reykjavik"]
[Date "2022.10.15"]
[Round "3.10"]
[White "Jones, Gawain C B"]
[Black "Kjartansson, Gudmundur"]
[Result "1-0"]
[ECO "B51"]
[WhiteElo "2626"]
[BlackElo "2456"]
[Annotator "TA"]
[PlyCount "103"]
[EventDate "2022.10.13"]
[EventType "team-tourn"]
[EventCountry "ISL"]
[SourceTitle "playchess.com"]
[Source "ChessBase"]
[SourceQuality "1"]
[TimeControl "5400+30"]

1. e4 c5 2. Nf3 d6 3. Bb5+ Nd7 4. Ba4 Ngf6 5. O-O e6 6. d3 {[%emt 0:01:09] B51: Sicilian: Moscow Variation (3 Bb5+) without 3...Bd7.} Be7 7. c4 O-O 8. Nc3 {[%emt 0:00:07] The position is equal.} a6 9. Qe2 {[%emt 0:01:40] [#]} Nb8 $146 ({Predecessor:} 9... Qc7 10. Nd2 Ne5 11. f4 Nc6 12. Bxc6 Qxc6 13. a4 Bd7 14. Nf3 Qc7 15. e5 Ng4 {½-½ (27) Jones,G (2672)-Keymer,V (2655) Germany 2022}) 10. d4 cxd4 11. Nxd4 Bd7 12. Bxd7 Qxd7 13. a4 Nc6 14. Rd1 Nxd4 15. Rxd4 Qc7 16. Bg5 h6 17. Bh4 Rfc8 18. b3 Qa5 19. Qd2 b5 {[%emt 0:12:38] [#]} (19... Qh5 $5 20. Bg3 b5 $15) 20. Nd5 $1 Qxd2 21. Nxe7+ Kf8 22. Rxd2 Kxe7 23. f4 {[%emt 0:00:18] Against g5} ({But not} 23. cxb5 g5 24. e5 Ne4 $17) (23. axb5 axb5 24. Bxf6+ Kxf6 25. Rxa8 Rxa8 $11) 23... e5 24. cxb5 axb5 25. fxe5 $1 {[%emt 0:01:48] White is more active.} dxe5 26. Rd5 $1 bxa4 27. Rxe5+ Kf8 28. bxa4 Rc4 29. a5 {[%emt 0:00:20] And now a6 would win.} Nxe4 30. Be1 Ra6 31. Rb1 {[%emt 0:01:02] White threatens Rb8+ and mate.} g5 {[%emt 0:04:37] White leaves nothing to chance now.} (31... f6 $1 $14 32. Rb8+ Kf7 33. Rb7+ Kg6) 32. Rb4 $16 Nd6 33. Rxc4 $1 Nxc4 {[%emt 0:00:06][%mdl 4096] Endgame KRB-KRN} 34. Bb4+ Kg7 35. Rc5 Nd6 36. Rd5 Nc4 {[%emt 0:00:50] [#]} (36... Ne4 $16) 37. Kf2 (37. Rd4 $1 $18 Ne5 38. Rd6) 37... Kf6 {[%emt 0:01:21] [#]} (37... f6 $16 {keeps fighting.}) 38. Rd4 $1 $18 Nxa5 39. Bc3 {[%emt 0:00:06] Strongly threatening Rd6+.} Kg6 40. Ra4 Rc6 41. Bxa5 {[%emt 0:00:08] KRB-KR} Rc2+ 42. Kf3 h5 $2 (42... f5 {is more resistant.} 43. Be1 f4 44. Ra6+ Kf5) 43. h4 f6 (43... gxh4 $142 44. Rxh4 Rc6) 44. Rd4 Rc5 45. Bb4 Rb5 46. Rc4 Rf5+ 47. Kg3 Rd5 48. Bc3 {[%emt 0:00:38] Black must now prevent Rc6.} Rd3+ 49. Kh2 {[%emt 0:00:27] Hoping for Rc6.} Rd6 {[%emt 0:00:27] Prevents Rc6.} 50. Rc5 {[%emt 0:00:16] Threatens to win with hxg5.} Re6 $2 (50... gxh4 51. Be1 Re6) 51. hxg5 fxg5 52. Bd2 {[%emt 0:00:05] Weighted Error Value: White=0.07 (flawless) /Black=0.22 (precise)} 1-0

[Event "Kvika Banki League Iceland 2022-23"]
[Site "Reykjavik"]
[Date "2022.10.15"]
[Round "3.11"]
[White "Sulypa, Oleksandr"]
[Black "Gretarsson, Hjorvar Steinn"]
[Result "0-1"]
[ECO "B12"]
[WhiteElo "2463"]
[BlackElo "2533"]
[Annotator "TA"]
[PlyCount "68"]
[EventDate "2022.10.13"]
[EventType "team-tourn"]
[EventCountry "ISL"]
[SourceTitle "playchess.com"]
[Source "ChessBase"]
[SourceQuality "1"]
[TimeControl "5400+30"]

1. e4 c6 2. d4 d5 3. e5 Bf5 4. Nf3 e6 5. Be2 c5 6. Be3 cxd4 7. Nxd4 Ne7 8. c4 {[%emt 0:02:21] 8.0-0 is setting a new trend.} Nbc6 9. Nc3 {[%emt 0:02:13] B12: Caro-Kann: Advance Variation.} ({White should try} 9. Qa4 $14) 9... Nxd4 $15 10. Bxd4 {[%emt 0:01:28] [#] Black must now prevent g4.} dxc4 11. Bxc4 {[%emt 0:38:29] Black is slightly better.} a6 {[%emt 0:08:04] Prevents Nb5.} 12. f4 {[%emt 0:25:17] [#]} Nc6 $146 ({Predecessor:} 12... Bc2 13. Qd2 Nc6 14. Be3 Qxd2+ 15. Kxd2 Bf5 16. Rad1 g5 17. g3 gxf4 18. gxf4 Rc8 {0-1 (59) Lane,G (2420)-Sahu,S (2285) Wrexham 1997}) 13. Bf2 Qa5 (13... g5 $15) 14. Qf3 (14. O-O $11) 14... Bc5 (14... O-O-O $5 15. O-O Bc5 $15) 15. O-O Qb4 (15... O-O-O $5 ) 16. Bb3 O-O-O 17. Bxc5 Qxc5+ 18. Kh1 Nd4 19. Qg3 Kb8 20. Bd1 h5 21. Qf2 h4 22. Bf3 (22. h3 $1 $15) 22... h3 $17 23. g4 Bd3 24. Rfd1 Qc4 {[%emt 0:02:01] ...Nc2 is the strong threat. Black is more active.} 25. Rac1 {[%emt 0:01:21] Against Nc2} (25. Rd2 $17 Nxf3 26. Qxf3) 25... Nxf3 $19 26. Qxf3 Rd7 {[%emt 0:02:33] Strongly threatening ...Rhd8.} 27. b3 (27. Kg1 {keeps fighting.}) 27... Qd4 {[%emt 0:00:16] [#] Hoping for ...Rc8.} 28. Ne2 Bxe2 29. Qxe2 Qxf4 $40 {[%emt 0:00:22][%mdl 128] Black wants a kill.} 30. Rxd7 $2 (30. Rf1 {only move.} Qg5 31. Qf3) 30... Qxc1+ {[%emt 0:00:07] KQR-KQR. Black is clearly winning.} 31. Rd1 Rc8 32. Kg1 Qf4 33. Rf1 Qd4+ 34. Qf2 Qxg4+ {[%emt 0:00:08] Weighted Error Value: White=0.31/Black=0.07 (flawless)} 0-1

[Event "Kvika Banki League Iceland 2022-23"]
[Site "Reykjavik"]
[Date "2022.10.15"]
[Round "3.12"]
[White "Stefansson, Hannes"]
[Black "Petursson, Margeir"]
[Result "1/2-1/2"]
[ECO "B36"]
[WhiteElo "2527"]
[BlackElo "2447"]
[Annotator "TA"]
[PlyCount "49"]
[EventDate "2022.10.13"]
[EventType "team-tourn"]
[EventCountry "ISL"]
[SourceTitle "playchess.com"]
[Source "ChessBase"]
[SourceQuality "1"]
[TimeControl "5400+30"]

1. e4 c5 2. Nf3 g6 3. c4 Nc6 4. d4 cxd4 5. Nxd4 Nf6 6. Nc3 Nxd4 7. Qxd4 d6 8. Be2 Bg7 9. Be3 O-O 10. Qd2 a5 {[%emt 0:00:19][%cal Ba7a5,Ba5a4][%mdl 32] B36: Sicilian: Maroczy Bind: Gurgenidze System.} 11. O-O a4 12. Rab1 Qa5 {[%emt 0:13:03] White has an edge.} 13. Rfc1 Be6 14. f3 Rfc8 15. b4 axb3 $1 16. axb3 {[%emt 0:00:05] The position is equal.} Qb4 17. Kh1 Nd7 18. Qe1 {[%emt 0:01:09] [#]} Nc5 $146 ({Predecessor:} 18... Bxc3 19. Rxc3 Ra2 20. Bd2 Qb6 21. Bf1 Rca8 22. b4 R8a3 23. Be3 Qc7 24. Bd4 b6 {½-½ (45) Ortiz Suarez,I (2531)-Quesada Perez,Y (2568) Santa Clara 2022}) 19. Nd5 Qxe1+ 20. Rxe1 Bxd5 21. cxd5 Ra3 22. Rec1 Rca8 23. Bc4 h5 24. Kg1 Na4 {[%emt 0:09:45] [#] Threatens to win with ...Nc3.} 25. bxa4 {[%emt 0:12:56] Weighted Error Value: White=0.05 (flawless) /Black=0.01 (flawless)} 1/2-1/2

[Event "Kvika Banki League Iceland 2022-23"]
[Site "Reykjavik"]
[Date "2022.10.15"]
[Round "3.13"]
[White "Thorhallsson, Throstur"]
[Black "Movsziszian, Karen"]
[Result "1/2-1/2"]
[ECO "B06"]
[WhiteElo "2396"]
[BlackElo "2474"]
[Annotator "TA"]
[PlyCount "87"]
[EventDate "2022.10.13"]
[EventType "team-tourn"]
[EventCountry "ISL"]
[SourceTitle "playchess.com"]
[Source "ChessBase"]
[SourceQuality "1"]
[TimeControl "5400+30"]

1. e4 d6 2. d4 g6 3. Nc3 Bg7 4. Be3 a6 5. Qd2 b5 6. f3 Nd7 7. h4 h6 {[%emt 0:01:13] 7...Ngf6 is setting a new trend. B06: Modern Defence.} (7... h5 $11) 8. Nh3 {[%emt 0:08:25] White is more active.} Ngf6 {[%emt 0:03:25] [#]} 9. g3 $146 (9. O-O-O $14) ({Predecessor:} 9. g4 Bb7 10. g5 hxg5 11. Nxg5 c5 12. a4 b4 13. Bc4 e6 14. Ne2 d5 15. exd5 Nxd5 {1-0 (47) Hovhannisyan,R (2642)-Adhiban,B (2659) Chess.com INT 2020}) 9... Bb7 $11 10. Bg2 Rc8 11. Ne2 e5 12. Nf2 (12. O-O-O $11) 12... d5 13. c3 Qe7 14. O-O-O (14. h5 $11 {keeps the balance.}) 14... c5 $17 15. dxc5 Nxc5 16. exd5 Nxd5 17. Bxc5 Qxc5 18. Ne4 (18. f4 $17) 18... Qb6 $19 {[%emt 0:09:25] aiming for ...0-0.} 19. f4 {[%emt 0:01:45] [#]} O-O ({Better is} 19... Rd8 $1 $19 {And now ...0-0 would win.} 20. fxe5 Bxe5) 20. Nd6 $17 Qxd6 21. Bxd5 Bxd5 22. Qxd5 Qxd5 (22... Qb6 {feels hotter.} 23. h5 gxh5 24. Kb1 Rfd8) 23. Rxd5 exf4 24. gxf4 Rfe8 25. Kd2 h5 26. Kd3 Rcd8 27. Rxd8 Rxd8+ $15 {[%emt 0:00:01][%mdl 4096] Endgame KRB-KRN} 28. Ke3 Kf8 29. Nd4 Bxd4+ 30. cxd4 {[%emt 0:00:01] KR-KR. The position is equal.} Rc8 31. Kd3 {[%emt 0:00:31] Prevents Rc2.} Ke7 32. Re1+ Kd6 33. f5 gxf5 34. Re5 Rg8 35. Rxf5 Rg3+ 36. Kc2 Rg4 37. Rxh5 Rxd4 38. Rh6+ Kd5 39. Rxa6 Rxh4 40. Rf6 Kc4 41. Rxf7 Rh2+ 42. Kc1 Rh1+ 43. Kc2 Rh2+ 44. Kc1 {[%emt 0:00:04] Whites escaped into a draw.  Weighted Error Value: White=0.15 (very precise) /Black=0.10 (very precise)} 1/2-1/2

[Event "Kvika Banki League Iceland 2022-23"]
[Site "Reykjavik"]
[Date "2022.10.15"]
[Round "3.14"]
[White "Arngrimsson, Dagur"]
[Black "Johannesson, Ingvar Thor"]
[Result "1/2-1/2"]
[ECO "E06"]
[WhiteElo "2377"]
[BlackElo "2319"]
[Annotator "TA"]
[PlyCount "59"]
[EventDate "2022.10.13"]
[EventType "team-tourn"]
[EventCountry "ISL"]
[SourceTitle "playchess.com"]
[Source "ChessBase"]
[SourceQuality "1"]
[TimeControl "5400+30"]

1. d4 Nf6 2. c4 e6 3. Nf3 d5 4. Nbd2 Be7 5. g3 O-O 6. Bg2 b6 7. cxd5 exd5 8. O-O Bb7 9. Ne5 Nbd7 {[%emt 0:10:42] E06: Closed Catalan: Early deviations.} 10. b3 Re8 11. Bb2 {[%emt 0:03:30] [#]} Bf8 $146 ({Predecessor:} 11... c5 12. Rc1 Rc8 13. Ndc4 Nxe5 14. dxe5 Ne4 15. Qc2 dxc4 16. Rfd1 cxb3 17. axb3 Qc7 18. Bxe4 Bxe4 19. Qxe4 Rcd8 20. e6 Bf8 21. Rxd8 Rxd8 {½-½ (45) Gabuzyan,H (2607)-Pashikian,A (2615) Martuni 2016}) 12. Ndf3 Ne4 13. Rc1 c5 14. Bh3 Nxe5 15. Nxe5 Ng5 16. Bg2 Ne4 17. dxc5 bxc5 18. Bxe4 dxe4 19. Qd7 (19. Nd7 $5 ) 19... Qe7 20. Rfd1 f6 21. Nc4 Rad8 22. Qxe7 (22. Qb5 {is more complex.} Qc7 23. Ne3 Bc6 24. Qc4+) 22... Bxe7 23. Ba3 Ba6 24. Kf1 Kf7 25. Ne3 Rxd1+ 26. Rxd1 Bc8 {[%emt 0:00:51] Inhibits Rd7.} 27. Ke1 Be6 {[%emt 0:00:26] The position is equal.} 28. Nd5 Bxd5 29. Rxd5 Ke6 {[%emt 0:00:02] Prevents Rd7.} 30. Rd2 {[%emt 0:02:31] Weighted Error Value: White=0.08 (flawless) /Black=0.09 (flawless)} 1/2-1/2